[Event "Late-Titled-Tuesday-Blitz-February-27-2024"]
[Site "Chess.com"]
[Date "2024.02.27"]
[Round "7"]
[White "platy3"]
[Black "LyonBeast"]
[Result "1/2-1/2"]
[WhiteElo "2957"]
[BlackElo "3136"]
[TimeControl "180+1"]
[EndTime "15:17:59 PST"]
[Termination "Game drawn by repetition"]

1. e4 c5 2. Nf3 d6 3. d4 cxd4 4. Nxd4 Nf6 5. Bd3 Nc6 6. Be3 g6 7. h3 Bg7 8. c4 Ng4 9. hxg4 Bxd4 10. Bxd4 Nxd4 11. Nc3 Qa5 12. f3 Be6 13. Qa4+ Qxa4 14.
Nxa4 Rc8 15. b3 g5 16. Kd2 h6 17. Nc3 Kf8 18. Ke3 Nc6 19. Rac1 Kg7 20. g3 Ne5 21. Be2 Bd7 22. Nd5 Rhe8 23. Rhd1 a5 24. Nb6 Rc6 25. c5 Rc7 26. cxd6 Rxc1 27. Rxc1 exd6 28.
Nxd7 Nxd7 29. Rc7 Nf6 30. Rxb7 d5 31. Ra7 dxe4 32. Rxa5 exf3+ 33. Kxf3 Nd7 34. Ra7 Ne5+ 35. Kf2 Rc8 36. a4 Rc2 37. Ke3 Kf6 38. Ra6+ Ke7 39. a5 Ra2 40. b4 f6 41. Ra7+ Kd6 42. b5 Ra3+ 43. Ke4 Ra2 44. Ke3 Ra3+ 45. Kf2 Ra2 46. b6 Nxg4+ 47. Kf3 Ne5+ 48. Ke3 Ra3+ 49. Kf2 Nc6 50.
b7 Kc7 51. Ra8 Kxb7 52. Rf8 Rxa5 53. Rxf6 Kc7 54. Rxh6 Nd4 55. Bd3 Re5 56. Ra6 Ne6 57. Ra7+ Kb6 58. Rf7 Nd4 59. Rd7 Kc5 60. Rf7 Kb4 61. Rc7 Kb3 62. Rc4 Ne6 63. Re4 Rxe4 64. Bxe4 Kc3 65. Kf3 Kd4 66. Ba8 Ke5 67. Kg4 Kf6 68.
Bd5 Nc5 69. Bc4 Nd7 70. Be2 Ne5+ 71. Kh5 Kf5 72. Bd1 Kf6 73. Be2 Kf5 74. Bd1 Kf6 75. Be2 1/2-1/2

[Event "Late-Titled-Tuesday-Blitz-February-27-2024"]
[Site "Chess.com"]
[Date "2024.02.27"]
[Round "7"]
[White "BardArtem"]
[Black "WindWhistler11"]
[Result "0-1"]
[WhiteElo "2706"]
[BlackElo "2516"]
[TimeControl "180+1"]
[EndTime "15:18:00 PST"]
[Termination "WindWhistler11 won on time"]

1. d4 e6 2. Nf3 Nf6 3. c4 c5 4. e3 b6 5. d5 exd5 6. cxd5 Bd6 7. Nc3 O-O 8. Be2 Ba6 9. O-O Re8 10.
Bxa6 Nxa6 11. Qa4 Nc7 12. Rd1 a6 13. a3 Qe7 14. Qc2 Nb5 15. b3 Be5 16. Nxe5 Qxe5 17. Bb2 Ng4 18. g3 Qh5 19. h4 Nxc3 20. Bxc3 Ne5 21.
Bxe5 Rxe5 22. Qc4 Rae8 23. Qxa6 Qf3 24. Qf1 Rxd5 25. Rxd5 Qxd5 26. Qc4 Qxc4 27. bxc4 Ra8 28. a4 Kf8 29. Kg2 Ke7 30. Kf3 Ke6 31. Ke4 f5+ 32. Kd3 d5 33. f3 Kd6 34. Kc3 Re8 35. Re1 Ra8 36. Ra1 Re8 37. Re1 Ra8 38. cxd5 Rxa4 39. e4 fxe4 40. fxe4 Ra3+ 41. Kc4 Ra4+ 42. Kb5 Rb4+ 43. Ka6 Ke5 44. Kb7 c4 45. Rd1 c3 46.
d6 c2 47. Rd5+ Kxe4 48. d7 Kxd5 49. d8=Q+ Kc4 50. Qd2 Kb3 51. Qc1 Kc3 52. Qe1+ Kb3 53. Qc1 Rd4 54. Qe3+ Kc4 55. Kxb6 Rd1 56. Qe4+ Kc3 57.
Qc6+ Kd2 58. Qd5+ Kc1 59. Qb3 Kd2 60. Qd5+ Kc1 61. Qg5+ Rd2 62. Kc5 Kd1 63. Qg4+ Kc1 64. Kc4 Kb1 65. Qe4 Rd1 0-1

[Event "Late-Titled-Tuesday-Blitz-February-27-2024"]
[Site "Chess.com"]
[Date "2024.02.27"]
[Round "7"]
[White "vi_pranav"]
[Black "Genghis_K"]
[Result "0-1"]
[WhiteElo "3099"]
[BlackElo "2947"]
[TimeControl "180+1"]
[EndTime "15:18:05 PST"]
[Termination "Genghis_K won on time"]

1. d4 Nf6 2. Nc3 d5 3. Bf4 c5 4. e4 Nxe4 5. Nxe4 dxe4 6. dxc5 Qa5+ 7. c3 Qxc5 8. Qa4+ Nc6 9. Qxe4 g6 10. Nf3 Bg7 11. Qe3 Qxe3+ 12. Bxe3 Bd7 13. Be2 O-O 14.
O-O Rfd8 15. Rfd1 Be8 16. Nd2 Ne5 17. Nb3 b6 18. Nd4 Rac8 19. Ba6 Rc7 20. h3 Nc4 21. Nf3 Rxd1+ 22. Rxd1 Nxe3 23. Rd8 Nf5 24. Rxe8+ Bf8 25. Ra8 Nd6 26. Kf1 Kg7 27. Bd3 f6 28. Nd4 Rc8 29.
Rxa7 f5 30. Ba6 Rb8 31. a4 Kf6 32. f4 Bh6 33. g3 g5 34. fxg5+ Bxg5 35. h4 Bc1 36. b4 Be3 37. Nc6 Re8 38. Bd3 Rg8 39.
Nxe7 Rxg3 40. Nd5+ Ke5 41. Nxe3 Rxe3 42. Re7+ Kf4 43.
Rxe3 Kxe3 44. Ba6 Ne4 45. c4 f4 46. c5 bxc5 47. bxc5 Nxc5 48. Bb5 Nb3 49. Bc6 h5 50. Kg2 Nd4 51. Bb7 f3+ 52. Kf1 f2 53. a5 Nb3 54. Ba6 Nxa5 55. Be2 Nb3 56. Ba6 Nd2+ 57.
Kg2 Nf3 58. Kg3 Ne5 59. Kg2 Ng6 60. Kg3 Ne7 61. Kg2 Nf5 62. Kh3 Nd4 63. Kg2 Ne2 64. Kf1 Nf4 65. Bb5 Kf3 66. Be8 Kg3 67. Bf7 Ng2 68. Ke2 Ne3 0-1

[Event "Late-Titled-Tuesday-Blitz-February-27-2024"]
[Site "Chess.com"]
[Date "2024.02.27"]
[Round "7"]
[White "jaskol95"]
[Black "DeTimmerman"]
[Result "0-1"]
[WhiteElo "2561"]
[BlackElo "2745"]
[TimeControl "180+1"]
[EndTime "15:18:09 PST"]
[Termination "DeTimmerman won by checkmate"]

1. e4 e5 2. Nf3 Nc6 3. Bc4 Nf6 4. Ng5 Bc5 5. Nxf7 Bxf2+ 6. Kf1 Qe7 7. Nxh8 d5 8. exd5 Nd4 9. d6 Qxd6 10. Nf7 Qc5 11.
d3 Bg4 12. b4 Qb6 13. Qd2 Bh4 14. Nc3 Ne2 15. g3 Bxg3 16. hxg3 Nxg3+ 17. Kg2 Nxh1 18. Kxh1 Bf3+ 19. Kh2 Qd4 20. Qg5 Qf2+ 21. Kh3 Bg4+ 22.
Qxg4 Nxg4 23. Kxg4 Qxc2 24. Bg5 Qxc3 25. Rc1 Qd4+ 26.
Kg3 h6 27. Bd2 g5 28. Re1 Kf8 29. Rxe5 Re8 30. Rf5 Kg7 31. Nxg5 hxg5 32. Rxg5+ Kh6 33. Rd5+ Re3+ 34. Bxe3+ Qxe3+ 35. Kg4 c6 36. Rf5 Kg6 37. Rf3 Qg5+ 38. Kh3 Qh5+ 39. Kg3 Qe5+ 40. Kh3 Qb2 41. Rg3+ Kf5 42. Rf3+ Ke5 43. Re3+ Kd6 44. Bb3 Qd2 45. Rg3 Qxb4 46. Kg2 Qd2+ 47. Kh3 Qh6+ 48. Kg4 a5 49. Kf5 Qh5+ 50. Ke4 Qe5+ 51. Kf3 Qf5+ 52. Ke3 b5 53. Rf3 Qe5+ 54. Kd2 a4 55. Bf7 Qb2+ 56. Ke3 b4 57. Bc4 Qe5+ 58. Kd2 b3 59. axb3 a3 60. b4 Qb2+ 61.
Ke3 a2 62. Bxa2 Qxa2 63. Rf4 Ke5 64. Rc4 Kd5 65. Re4 Qa1 66. Rc4 Qe1+ 67. Kf3 Qd2 68.
Rc5+ Kd6 69. Ke4 Qxb4+ 70. Rc4 Qd2 71. Kd4 c5+ 72. Ke4 Qe2+ 73. Kf4 Qxd3 74. Re4 Kd5 75.
Re8 Kc4 76. Kg5 Qd5+ 77. Kf6 Kc3 78. Rf8 Qd6+ 79. Kf7 Qxf8+ 80. Kxf8 c4 81. Ke7 Kd3 82. Kd6 c3 83. Kc5 c2 84. Kb4 c1=Q 85. Kb3 Qc5 86. Ka2 Qb4 87. Ka1 Kc2 88. Ka2 Qa4# 0-1

[Event "Late-Titled-Tuesday-Blitz-February-27-2024"]
[Site "Chess.com"]
[Date "2024.02.27"]
[Round "7"]
[White "mightysmasher"]
[Black "AlexTruskavetsky"]
[Result "1/2-1/2"]
[WhiteElo "2561"]
[BlackElo "2693"]
[TimeControl "180+1"]
[EndTime "15:18:11 PST"]
[Termination "Game drawn - insufficient material"]

1. e4 c5 2. c3 Nf6 3. e5 Nd5 4. d4 cxd4 5. cxd4 d6 6. Nf3 Nc6 7. Bc4 Nb6 8. Bb5 Bd7 9. exd6 e6 10. O-O Bxd6 11. Nc3 O-O 12. Re1 h6 13. Be3 a6 14.
Bd3 Nb4 15. Bb1 N4d5 16. Qd3 f5 17. Bd2 Rc8 18. a3 Nxc3 19. bxc3 Bb5 20. Qc2 Qd7 21. Ba2 Bc4 22. Ne5 Bxe5 23. Rxe5 Bxa2 24. Qxa2 Nc4 25. Re2 b5 26. Rae1 Rc6 27. Bf4 Qd5 28. a4 Rfc8 29. axb5 axb5 30. Qa7 Nb6 31. Re5 Qd7 32.
Qxd7 Nxd7 33. Rxb5 Rxc3 34. h3 R3c6 35. Rb7 Nf6 36.
Be5 Ne8 37. Re3 g5 38. Ra3 R6c7 39. Bxc7 Rxc7 40. Rb8 Kf7 41. Raa8 Nf6 42. Rf8+ Kg7 43. Rfd8 f4 44. Ra6 Ne4 45. Ra1 Rc2 46. Rd7+ Kf6 47. Rf1 h5 48. Re1 Nxf2 49. Rd6 Nd3 50. Rexe6+ Kf5 51. Re8 g4 52. Rd5+ Kf6 53. hxg4 hxg4 54. g3 Rc1+ 55.
Kh2 Rc2+ 56. Kg1 f3 57. Rf8+ Ke7 58. Rdf5 Rg2+ 59. Kf1 Re2 60. R5f7+ Ke6 61. Re8+ Kxf7 62. Rxe2 fxe2+ 63. Kxe2 Nb4 64. Ke3 Nd5+ 65. Ke4 Nf6+ 66. Kf5 Ke7 67. d5 Kf7 68. d6 Kg7 69. d7 Nxd7 70.
Kxg4 Kf6 71. Kf4 Nf8 72. g4 Ne6+ 73. Ke4 Kg5 74. Ke3 Nf4 75. Ke4 Ng6 76. Kd5 Nh4 77.
Kd6 Ng6 78. Kc7 Nf8 79. Kb8 Ng6 80. Ka8 Nh8 81. Kb8 Nf7 82. Ka8 Ne5 83. Kb8 Nf3 84.
Ka8 Nd4 85. Kb8 Kf6 86. Ka8 Ne6 87. Kb8 Ng5 88. Ka8 Ke7 89. Kb8 Kd6 90. Ka8 Kc6 91. Kb8 Kb6 92. Ka8 Nf7 93. Kb8 Nd6 94.
g5 Nf5 95. g6 Kc6 96. Ka8 Kd6 97. g7 Nxg7 1/2-1/2

[Event "Late-Titled-Tuesday-Blitz-February-27-2024"]
[Site "Chess.com"]
[Date "2024.02.27"]
[Round "7"]
[White "karinachess1"]
[Black "N_Mullodzhanov"]
[Result "1/2-1/2"]
[WhiteElo "2610"]
[BlackElo "2458"]
[TimeControl "180+1"]
[EndTime "15:18:12 PST"]
[Termination "Game drawn - insufficient material"]

1. d4 Nf6 2. c4 g6 3. Nc3 Bg7 4. Nf3 O-O 5. g3 d6 6. Bg2 c5 7. O-O Nc6 8. d5 Na5 9. Nd2 e6 10. e4 exd5 11. cxd5 a6 12. a4 Ng4 13. Qe2 Re8 14.
h3 Ne5 15. f4 Nd7 16. Nc4 Nxc4 17. Qxc4 b5 18. Qd3 Qb6 19. Kh2 b4 20. a5 Qc7 21.
Nd1 c4 22. Qf3 Rb8 23. Be3 c3 24. bxc3 bxc3 25. Rc1 c2 26. Nf2 Bb2 27. Nd3 Bxc1 28. Bxc1 Qxa5 29. f5 Re7 30. f6 Re5 31. Nxe5 Nxe5 32.
Qf4 Qd8 33. Qd2 Nd7 34. Qxc2 Nxf6 35. Bb2 Nd7 36. Qc3 Ne5 37. Ba3 Qe7 38. Rc1 Bd7 39.
Qc7 Rc8 40. Qxd6 Qxd6 41. Rxc8+ Bxc8 42. Bxd6 Nc4 43. Bc5 a5 44. Bf1 Nd2 45. Bd3 a4 46. Ba3 f6 47. Kg2 Kf7 48. Kf2 Nb3 49. g4 h5 50.
gxh5 gxh5 51. h4 Bg4 52. Ke3 Bd7 53. Be2 Kg6 54. Bd3 Kf7 55. Kf4 Na5 56. Ke3 Nb7 57.
Kd4 Nd8 58. Kc5 Kg7 59. Kd6 Bg4 60. Bb5 Nf7+ 61. Ke7 Ne5 62. Bxa4 Ng6+ 63. Kd6 Nxh4 64. Bb2 Ng6 65. Bc6 h4 66. Bd4 h3 67. Bg1 Ne5 68. Ke7 Nf3 69. d6 h2 70. Bxh2 Nxh2 71. d7 Bxd7 72. Bxd7 Nf3 73. Bf5 Ne5 74. Ke6 Nc6 75. Kd6 Nd8 76. Kd5 Nf7 77. Kd4 Ne5 78. Ke3 Nf7 79. Kf4 Ne5 80. Be6 Nf7 81. Bxf7 Kxf7 82.
Kf5 Ke7 83. e5 fxe5 84. Kxe5 1/2-1/2

[Event "Late-Titled-Tuesday-Blitz-February-27-2024"]
[Site "Chess.com"]
[Date "2024.02.27"]
[Round "7"]
[White "DryCounty"]
[Black "Josetricks"]
[Result "1/2-1/2"]
[WhiteElo "2661"]
[BlackElo "2479"]
[TimeControl "180+1"]
[EndTime "15:18:13 PST"]
[Termination "Game drawn by stalemate"]

1. e4 g6 2. d4 Bg7 3. Nf3 c6 4.
c3 d5 5. Nbd2 dxe4 6. Nxe4 Nf6 7. Bd3 O-O 8. O-O Nxe4 9. Bxe4 Nd7 10. h3 e5 11. Bg5 Qa5 12. b4 Qb6 13. Be3 Qc7 14.
Qb3 Re8 15. Rfe1 Nf6 16. Bc2 Be6 17. Qb2 exd4 18. Bxd4 Rad8 19. Ng5 Bc4 20. Bb3 Bxb3 21. axb3 a6 22. Nf3 Nh5 23. Bxg7 Nxg7 24. c4 Ne6 25.
Qf6 Qe7 26. Qc3 Qd6 27. Ne5 Qd4 28. Qxd4 Nxd4 29. Ng4 Kg7 30. Rxe8 Rxe8 31. Rd1 Nxb3 32. Rd7 b5 33. cxb5 axb5 34. f4 Re4 35. g3 Rd4 36.
Rc7 Rxb4 37. Ne5 Nd4 38. Rxf7+ Kg8 39. Rc7 Rb1+ 40. Kg2 Rc1 41. Rd7 c5 42. g4 Rc2+ 43. Kg3 Rc3+ 44. Kh4 Nf3+ 45. Nxf3 Rxf3 46. Kg5 Re3 47.
Kf6 Re8 48. Rc7 Rf8+ 49. Kg5 c4 50. f5 gxf5 51. gxf5 Rb8 52. h4 b4 53. Rxc4 b3 54. Rc1 b2 55. Rb1 Kf7 56. h5 Rb5 57. h6 Rb4 58. f6 Rb5+ 59. Kf4 Kxf6 60. Ke4 Kg6 61.
Rg1+ Kxh6 62. Rh1+ Kg6 63. Rb1 h5 64. Kf4 Rb4+ 65.
Kg3 Kg5 66. Kf3 h4 67. Kg2 Kg4 68. Kh2 h3 69. Kg1 Kg3 70. Kh1 Rb3 71. Rg1+ Kh4 72. Rb1 Kg3 73. Rg1+ Kf2 74. Rb1 Ke2 75. Kh2 Kd2 76.
Rh1 b1=Q 77. Rc1 Qxc1 1/2-1/2

[Event "Late-Titled-Tuesday-Blitz-February-27-2024"]
[Site "Chess.com"]
[Date "2024.02.27"]
[Round "7"]
[White "grzechu96"]
[Black "Tunahan_Makaraci"]
[Result "0-1"]
[WhiteElo "2739"]
[BlackElo "2591"]
[TimeControl "180+1"]
[EndTime "15:18:14 PST"]
[Termination "Tunahan_Makaraci won by checkmate"]

1. e4 Nf6 2. e5 Nd5 3. d4 d6 4.
exd6 cxd6 5. c4 Nb6 6. Nc3 g6 7. Be3 Bg7 8. Rc1 O-O 9. b3 Bf5 10. g4 Bd7 11. Bg2 Nc6 12. d5 Ne5 13. h3 f5 14. f4 Nf7 15. g5 e5 16. dxe6 Bxe6 17. Bxb7 Rb8 18. Bg2 Re8 19. Kf2 Bc8 20. Qd2 Bb7 21.
Bxb7 Rxb7 22. Nf3 Rbe7 23. Rhe1 Bxc3 24. Qxc3 Re4 25. Nd2 R4e6 26. Nf1 Nd7 27. Ng3 Nc5 28. Bxc5 dxc5 29. Rcd1 Qc7 30. Qf3 Kg7 31. Rxe6 Rxe6 32.
Re1 Rxe1 33. Kxe1 Qa5+ 34. Kf1 Qxa2 35. Qc3+ Kg8 36. Ne2 Qb1+ 37. Kf2 Qe4 38. Qf6 Qd3 39. h4 Qxb3 40. h5 gxh5 41. Qxf5 Qxc4 42. Qc8+ Kg7 43.
Qc6 h4 44. Qf6+ Kg8 45. f5 Qg4 46. g6 hxg6 47. fxg6 Nh6 48. Nf4 Qg3+ 49. Ke2 Qg4+ 50. Kd2 Qd7+ 51. Kc1 Qg7 52. Qe6+ Kh8 53. Nh5 Qc3+ 54.
Kb1 Qb4+ 55. Kc2 Qa4+ 56. Kc3 Qb4+ 57. Kc2 Qa4+ 58. Kc3 Qd4+ 59. Kb3 Qd1+ 60. Kc4 Qxh5 61. Qe8+ Kg7 62. Qe7+ Kxg6 63. Qe8+ Kg5 64. Qe5+ Nf5 65. Kxc5 Qf3 66. Qh8 Qe3+ 67. Kc6 Qe6+ 68. Kb7 Qf7+ 69. Ka8 Qg7 70. Qd8+ Qf6 71. Qd2+ Kg4 72. Qe2+ Kg3 73.
Qe1+ Kg4 74. Qe2+ Kg5 75. Qd2+ Kg6 76. Qg2+ Ng3 77. Qc6 Qxc6+ 78. Kb8 Qb5+ 79. Kc7 a5 80. Kd6 a4 81. Ke7 a3 82. Kd6 a2 83. Ke7 a1=Q 84.
Kd8 Qa8+ 85. Kc7 Qbc6# 0-1

[Event "Late-Titled-Tuesday-Blitz-February-27-2024"]
[Site "Chess.com"]
[Date "2024.02.27"]
[Round "7"]
[White "Vasily85"]
[Black "jk13"]
[Result "1-0"]
[WhiteElo "2506"]
[BlackElo "2662"]
[TimeControl "180+1"]
[EndTime "15:18:27 PST"]
[Termination "Vasily85 won by resignation"]

1. e4 e5 2. Nf3 Nc6 3. Bc4 Bc5 4.
O-O Nf6 5. d3 O-O 6. c3 d5 7. exd5 Nxd5 8. Bb3 Bg4 9. h3 Bh5 10.
Re1 Nb6 11. Bc2 Re8 12. Nbd2 f5 13. Nf1 a5 14. Ng3 Bg6 15. a4 h6 16. d4 exd4 17.
Rxe8+ Qxe8 18. cxd4 Rd8 19. Be3 Qf8 20. Bb3+ Kh8 21.
Qc1 Nxd4 22. Bxd4 Bxd4 23. Nxd4 Rxd4 24. Qxc7 Qd8 25. Qxb7 f4 26. Nf1 Rb4 27. Bf7 Be4 28. Qa7 Nc8 29. Qa6 Nd6 30. Bh5 Qf6 31. f3 Bf5 32. Re1 Rd4 33. Qxa5 Kh7 34. Qa8 Qg5 35.
Bg4 Bg6 36. Qf8 h5 37. Be6 Qf6 38. Qxf6 gxf6 39. Ra1 Rb4 40. a5 Nb5 41. a6 Na7 42. b3 Rxb3 43. Bxb3 Be8 44. Bd5 Bb5 45. Bb7 Kg6 46.
Re1 Kf5 47. Re7 Bc4 48. Nd2 Bb5 49. Ne4 Kg6 50. Nd6 Bd3 51. Re6 Kg5 52. Ne4+ Kh4 53. Nxf6 Nb5 54. Re5 Bg6 55. Rxh5+ Bxh5 56. Nxh5 Kxh5 57. Kf2 Kh4 58. Bc6 Na7 59. Bd7 Kg5 60.
Kg1 Kh4 61. Kf2 Kg5 62. Ke2 Kh4 63. Kf1 Kg3 64. Bf5 Kh4 65. Kg1 Kg3 66. Kh1 Kh4 67.
Kh2 Nb5 68. Bd7 Na7 69. Be8 Nc8 70. Ba4 Na7 71. Bd7 Kg5 72. g3 fxg3+ 73. Kxg3 Kh5 74. f4 Kg6 75. Kg4 Kf6 76. h4 Ke7 77. Ba4 Nc8 78. h5 Kf6 79. Bd7 Na7 80. f5 Ke7 81. h6 Kf6 82. Kh5 Kf7 83. Kg5 Kf8 84. Kg6 Kg8 85.
f6 Kf8 86. h7 1-0

[Event "Late-Titled-Tuesday-Blitz-February-27-2024"]
[Site "Chess.com"]
[Date "2024.02.27"]
[Round "7"]
[White "IngOscarArdila"]
[Black "toninhojit"]
[Result "0-1"]
[WhiteElo "2285"]
[BlackElo "2465"]
[TimeControl "180+1"]
[EndTime "15:19:01 PST"]
[Termination "toninhojit won by resignation"]

1. d4 Nf6 2. c4 c5 3. dxc5 e6 4. Nf3 Bxc5 5. e3 d5 6. Be2 O-O 7. O-O Nc6 8. Nc3 a6 9. a3 Qe7 10. b4 Ba7 11. Qb3 Rd8 12. Bb2 Bd7 13. Rfd1 dxc4 14. Bxc4 Be8 15. Rac1 Rac8 16. h3 Bb8 17. Be2 h6 18. Na4 Nd5 19. Nc5 Bd6 20. Ne4 Bb8 21.
Nc5 Bd6 22. Ne4 Bb8 23. Bc4 Nb6 24. Bf1 f6 25. Nc5 Bf7 26. Qc2 e5 27. Nh4 Rxd1 28. Rxd1 Qf8 29. Nf5 g6 30. Ng3 Kg7 31. Nge4 a5 32.
b5 Ne7 33. a4 Ned5 34. Ba3 Nb4 35. Qd2 Qe7 36. Nd3 Nc4 37. Bxb4 axb4 38. Qe1 b3 39.
Qb4 Qxb4 40. Nxb4 Na3 41. Nd3 Rd8 42. Nd2 b6 43. Nxb3 Bxb3 44. Rc1 Be6 45. Ne1 Rc8 46. Rd1 Nc4 47. Nf3 Nd6 48. Rd2 Nf7 49. Rd1 Rd8 50.
Rc1 Bd6 51. a5 Bc5 52. a6 Bd7 53. Ne1 Kf8 54. Rd1 Ke7 55. Rb1 Be6 56. Be2 Nd6 57.
Nd3 Rc8 58. Nb4 Bxb4 59. Rxb4 Rc7 60. Rb1 Nc8 61. Bf3 Na7 62. Bb7 f5 63. f4 e4 64.
g4 Bc8 65. gxf5 gxf5 66. Bxc8 Rxc8 67. Kf2 Rc5 68. Kg3 Rxb5 69. Rd1 Ra5 70. Kh4 Rxa6 71. Kh5 Nc6 72. Kxh6 Ra3 73. Re1 Nb4 74. Kg5 Ke6 75. h4 Nd3 76. Rc1 b5 77. Rc6+ Kd5 78. Rc8 b4 79. h5 b3 80. h6 Ra7 81. Rb8 Nc5 82. Kxf5 Nb7 83. h7 Nd6+ 84. Kg6 Kc4 85. Rxb3 Rxh7 86.
f5 Kxb3 87. Kxh7 Nxf5 88. Kg6 Nd6 89. Kf6 Kc3 90. Ke5 Kd3 91. Kf4 Nc4 92. Kg3 Kxe3 93.
Kg2 Kd3 0-1

[Event "Late-Titled-Tuesday-Blitz-February-27-2024"]
[Site "Chess.com"]
[Date "2024.02.27"]
[Round "7"]
[White "1977Ivan"]
[Black "xakevicius91"]
[Result "1/2-1/2"]
[WhiteElo "2739"]
[BlackElo "2577"]
[TimeControl "180+1"]
[EndTime "15:19:45 PST"]
[Termination "Game drawn by 50-move rule"]

1. d4 Nf6 2. Nf3 e6 3. Bg5 h6 4.
Bh4 b6 5. Nbd2 Bb7 6. e3 d5 7.
Bb5+ c6 8. Bd3 Nbd7 9. c3 Be7 10.
Ne5 Nxe5 11. dxe5 Nd7 12. Bxe7 Qxe7 13. f3 Nxe5 14. Bc2 Nd7 15. O-O O-O 16. a4 c5 17. a5 Bc6 18. Qe2 b5 19. f4 a6 20.
g4 e5 21. f5 e4 22. Qf2 Ne5 23. Qg3 Qg5 24. Rf4 Qd8 25. f6 g5 26. Rf5 Ng6 27.
Nb3 c4 28. Nd4 Rc8 29. Raf1 Qe8 30. Qd6 Bb7 31. Qb6 Qd7 32. Bd1 Rb8 33. R5f2 Nh4 34. Nf5 Nxf5 35. Rxf5 b4 36. Qd4 bxc3 37. bxc3 Qd6 38.
Kg2 Bc6 39. R1f2 Rb5 40. Re5 Bd7 41. h4 Qc5 42. hxg5 Qxd4 43. exd4 e3 44. Rxe3 hxg5 45. Re5 Rfb8 46. Rxg5+ Kf8 47. Kg3 Be6 48. Rh2 Ke8 49. Rg8+ Kd7 50. Rhh8 Rxg8 51. Rxg8 Rb1 52. Kf4 Rxd1 53. g5 Rf1+ 54. Ke3 Rc1 55. Kf4 Rxc3 56. g6 fxg6 57. Rg7+ Kd6 58. f7 Ke7 59. f8=Q+ Kxf8 60. Ra7 Rd3 61. Ke5 Re3+ 62. Kf6 Ke8 63. Rxa6 c3 64. Rc6 Bd7 65. Rc5 Kd8 66. Kxg6 Rd3 67. Kf6 Rxd4 68. Ke5 Ra4 69. Kxd5 Ra3 70. Kd6 Bg4 71. Ke5 Bd7 72. Kd4 Ke7 73. Rxc3 Rxa5 74. Rc5 Ra4+ 75.
Ke5 Ra6 76. Rc7 Kd8 77. Rc5 Rb6 78. Rd5 Ke7 79. Rc5 Rh6 80. Rd5 Rh5+ 81. Kd4 Rh4+ 82. Ke5 Be6 83. Rc5 Rh5+ 84. Kd4 Rh4+ 85. Ke5 Rg4 86.
Rc7+ Bd7 87. Rc5 Rg5+ 88. Kd4 Rg1 89. Ke5 Re1+ 90. Kd5 Be6+ 91. Kd4 Kd6 92. Ra5 Rh1 93. Ra6+ Ke7 94. Ra7+ Kf6 95. Ra6 Rh4+ 96. Kc5 Ke5 97.
Ra7 Rc4+ 98. Kb6 Rc1 99. Rb7 Kd6 100. Rb8 Bd7 101. Ka7 Rc2 102. Kb6 Ra2 103. Rb7 Bc6 104. Rb8 Rb2+ 105. Ka7 Ra2+ 106. Kb6 Ra1 107. Rd8+ Bd7 108. Rb8 Rb1+ 109. Ka7 Rc1 110. Kb6 Bc6 111. Ka7 Kc7 112. Rb7+ Kc8 113. Rb8+ Kc7 114. Rb7+ Kd6 115. Rb8 Ra1+ 116. Kb6 Ra2 117. Rd8+ Bd7 118. Rb8 Rb2+ 119. Ka7 Rc2 120. Kb6 Ra2 121. Rd8 Rd2 122. Rb8 Rd3 123. Ka7 Rc3 1/2-1/2

[Event "Late-Titled-Tuesday-Blitz-February-27-2024"]
[Site "Chess.com"]
[Date "2024.02.27"]
[Round "8"]
[White "Yaacovn"]
[Black "NoHeThTo"]
[Result "1-0"]
[WhiteElo "2844"]
[BlackElo "2650"]
[TimeControl "180+1"]
[EndTime "15:21:29 PST"]
[Termination "Yaacovn won by resignation"]

1. d4 Nf6 2. e3 e6 3. Bd3 b6 4. f4 Bb7 5. Nf3 c5 6. c3 Nc6 7. O-O d5 8. Nbd2 Qc8 9. Ne5 Ba6 10. Bxa6 Qxa6 11. Nxc6 1-0

[Event "Late-Titled-Tuesday-Blitz-February-27-2024"]
[Site "Chess.com"]
[Date "2024.02.27"]
[Round "8"]
[White "emeli_chess"]
[Black "waltereador"]
[Result "1-0"]
[WhiteElo "2432"]
[BlackElo "2291"]
[TimeControl "180+1"]
[EndTime "15:22:39 PST"]
[Termination "emeli_chess won by resignation"]

1. d4 e5 2. dxe5 Nc6 3. Nf3 Qe7 4. Bg5 Qb4+ 5. Bd2 Qxb2 6. Nc3 Qa3 7. Rb1 Bb4 8. Rb3 Qa5 9. e4 Nge7 10. Bd3 a6 11. O-O O-O 12. Nd5 Bxd2 13. Nxe7+ Nxe7 14. Qxd2 Ng6 15. Qxa5 1-0

[Event "Late-Titled-Tuesday-Blitz-February-27-2024"]
[Site "Chess.com"]
[Date "2024.02.27"]
[Round "8"]
[White "semchik73"]
[Black "ozates"]
[Result "0-1"]
[WhiteElo "2448"]
[BlackElo "2624"]
[TimeControl "180+1"]
[EndTime "15:22:47 PST"]
[Termination "ozates won by checkmate"]

1. Nf3 c5 2. c4 Nc6 3. e3 Nf6 4. d4 cxd4 5. exd4 d5 6. Nc3 Be6 7. c5 g6 8. Be2 Bg7 9. O-O O-O 10.
h3 Ne4 11. Be3 f6 12. Qb3 Qd7 13. Nxe4 dxe4 14. Bc4 Bxc4 15. Qxc4+ Kh8 16. Nd2 f5 17. Nb3 f4 18. Bd2 f3 19. Bc3 fxg2 20. Kxg2 Rf3 21. Rh1 Raf8 22. Raf1 Qf5 23. Bd2 Rxf2+ 24. Kg3 Qf3+ 25.
Kh4 Bf6+ 26. Bg5 Bxg5+ 27. Kxg5 Qh5# 0-1

[Event "Late-Titled-Tuesday-Blitz-February-27-2024"]
[Site "Chess.com"]
[Date "2024.02.27"]
[Round "8"]
[White "Bryanl106"]
[Black "Alphafischer2019"]
[Result "1-0"]
[WhiteElo "2601"]
[BlackElo "2698"]
[TimeControl "180+1"]
[EndTime "15:22:53 PST"]
[Termination "Bryanl106 won by resignation"]

1. e4 c5 2. Nf3 Nc6 3. Nc3 g6 4. d4 cxd4 5. Nxd4 Bg7 6. Be3 Nf6 7. Bc4 O-O 8. Bb3 Re8 9. O-O d6 10. h3 Na5 11. Qd3 b6 12. Ba4 Bd7 13. b4 Bxa4 14.
Nxa4 Nb7 15. c4 Qd7 16. Nc3 Rec8 17. Rac1 Qe6 18. Nxe6 fxe6 19. e5 dxe5 20. Bg5 Nd6 21. Bxf6 Bxf6 22. Ne4 Nf5 23. c5 Nd4 24. f4 Kg7 25.
Nxf6 exf6 26. fxe5 fxe5 27. Qe4 Nc6 28. cxb6 1-0

[Event "Late-Titled-Tuesday-Blitz-February-27-2024"]
[Site "Chess.com"]
[Date "2024.02.27"]
[Round "8"]
[White "igorknyazev"]
[Black "Bkmzzzzz"]
[Result "0-1"]
[WhiteElo "2214"]
[BlackElo "2407"]
[TimeControl "180+1"]
[EndTime "15:22:57 PST"]
[Termination "Bkmzzzzz won by resignation"]

1. e4 d6 2. d4 Nf6 3. Nc3 e5 4. dxe5 dxe5 5. Bg5 Be6 6. Nf3 Qxd1+ 7. Rxd1 Nbd7 8.
Be2 Bb4 9. O-O Bxc3 10. bxc3 Nxe4 11. c4 Nc3 12. Rd2 Nxe2+ 13. Rxe2 Bxc4 14. Rfe1 Bxe2 15. Rxe2 f6 16. Bd2 O-O-O 17. Bb4 Nb6 18. Nh4 Rd4 19. c3 Rxh4 0-1

[Event "Late-Titled-Tuesday-Blitz-February-27-2024"]
[Site "Chess.com"]
[Date "2024.02.27"]
[Round "8"]
[White "GlavkonVVS"]
[Black "Rutricks"]
[Result "0-1"]
[WhiteElo "2524"]
[BlackElo "2699"]
[TimeControl "180+1"]
[EndTime "15:23:01 PST"]
[Termination "Rutricks won by resignation"]

1. c4 g6 2. Nc3 Bg7 3. Nf3 d6 4. d4 Nd7 5. Bg5 Ngf6 6. h3 h6 7. Bh4 O-O 8. e3 e5 9. Be2 Re8 10. O-O c6 11. b4 Qc7 12. Rc1 Nh5 13.
g4 Nhf6 14. Bg3 Nh7 15. c5 dxc5 16. bxc5 Qa5 17. Qb3 exd4 18. exd4 Ndf8 19. Bc4 Be6 20. Ne4 Bxc4 21. Qxc4 Rxe4 22. Rb1 Qa6 23. Qxa6 bxa6 24.
Rfd1 Ne6 25. d5 cxd5 26. Rxd5 Nf6 0-1

[Event "Late-Titled-Tuesday-Blitz-February-27-2024"]
[Site "Chess.com"]
[Date "2024.02.27"]
[Round "8"]
[White "shirovin"]
[Black "PawnEatingZombie"]
[Result "1-0"]
[WhiteElo "2079"]
[BlackElo "2173"]
[TimeControl "180+1"]
[EndTime "15:23:21 PST"]
[Termination "shirovin won by checkmate"]

1. e4 d6 2. d4 Nf6 3. Nc3 e5 4. Nf3 Nbd7 5. g4 Nxg4 6. Rg1 Ngf6 7. Be3 h6 8. Qd2 g6 9. O-O-O Bg7 10. Bc4 c6 11. Bb3 Qe7 12. dxe5 dxe5 13. Kb1 Nb6 14. Bc5 Qd7 15. Qe3 Qh3 16. Nxe5 Qxe3 17. Bxf7# 1-0

[Event "Late-Titled-Tuesday-Blitz-February-27-2024"]
[Site "Chess.com"]
[Date "2024.02.27"]
[Round "8"]
[White "Akhayan"]
[Black "otrov-11"]
[Result "0-1"]
[WhiteElo "2436"]
[BlackElo "2618"]
[TimeControl "180+1"]
[EndTime "15:23:45 PST"]
[Termination "otrov-11 won by resignation"]

1. e4 e6 2. d4 d5 3. Nc3 Bb4 4. exd5 exd5 5. Qf3 Nf6 6. Bg5 Bxc3+ 7. Qxc3 O-O 8.
O-O-O Ne4 9. Bxd8 Nxc3 10. bxc3 Rxd8 11. Nf3 b6 12. Ne5 f6 13. Nd3 Ba6 14. Nf4 Kf7 15. Bxa6 Nxa6 16. Rhe1 c6 17. Re2 Re8 18. Rde1 Rxe2 19.
Rxe2 Nc7 20. Kd2 g5 21. Nd3 Nb5 22. Nb4 Rc8 23. f4 h6 24. fxg5 hxg5 25. Rf2 Nd6 26. Kd3 a5 27. Na6 Ra8 28. Nc5 bxc5 29. dxc5 Ne4 0-1

[Event "Late-Titled-Tuesday-Blitz-February-27-2024"]
[Site "Chess.com"]
[Date "2024.02.27"]
[Round "8"]
[White "DeTimmerman"]
[Black "Oleksandr_Bortnyk"]
[Result "0-1"]
[WhiteElo "2743"]
[BlackElo "3046"]
[TimeControl "180+1"]
[EndTime "15:23:48 PST"]
[Termination "Oleksandr_Bortnyk won by resignation"]

1. b4 f6 2. Bb2 Kf7 3. e3 e5 4. a3 d5 5. c4 c6 6. Nf3 Bd6 7. cxd5 cxd5 8. Be2 Be6 9. O-O Ne7 10. Nc3 a6 11. h3 Nd7 12. d3 Rc8 13. Rc1 b5 14. Nd2 Nb6 15. Nb3 h5 16. Bxh5+ g6 17. Bg4 f5 18. Be2 Qg8 19. f4 d4 20.
fxe5 dxc3 21. Bxc3 Rxc3 22. Rxc3 Ned5 23. exd6 Nxc3 24.
Qc2 Nxe2+ 25. Qxe2 Bxb3 26. e4 Be6 27. d4 Bc4 28. Qe3 Bxf1 29. Qg5 Qd8 0-1